AoeStats
← Horizon

Black Forest

508491177Analyzed
4v4 RM · 9d ago on Sep 22, 2026· 44m 37s· 8 players
Game mode
Random Map
Map size
Large (8 player)
Population
200
Speed
Normal
Resources
Standard
Victory
Conquest
Starting age
Dark Age
Ending age
Imperial Age
RankedLock teamsTeams togetherTeam positionsShared explorationLock speedFull tech treeHidden civsTurbo modeCheats
Victory
Defeat
🇲🇽 Bulgarians · Mexico
1554
+14
🇹🇷 Persians · Türkiye
1546
+14
🇳🇱 Italians · Netherlands
1510
+16
🇧🇪 Spanish · Belgium
1497
+16
🇧🇷 Shu · Brazil
1593
-18
🇵🇰 Turks · Pakistan
1517
-16
🇧🇷 Bohemians · Brazil
1508
-15
🇩🇪 Burgundians · Germany
1402
-11
Wolfie
7:57 Loom
10:11 Feudal Age
11:10 Double-Bit Axe
11:06 Horse Collar
11:19 Gold Mining
14:34 Wheelbarrow
19:05 Castle Age
17:25 Horse Collar
18:39 Fletching
19:53 Bodkin Arrow
21:01 Crossbowman
28:15 Imperial Age
26:15 Heavy Plow
26:43 Bow Saw
27:42 Ballistics
28:39 Padded Archer Armor
29:58 Chemistry
29:42 Bracer
33:35 Thumb Ring
33:46 Leather Archer Armor
36:33 Ring Archer Armor
38:33 Conscription
Malice
11:46 Feudal Age
13:01 Loom
15:36 Castle Age
15:34 Double-Bit Axe
15:30 Horse Collar
15:41 Gold Mining
16:48 Bow Saw
19:14 Fletching
24:51 Redemption
25:09 Fervor
25:08 Atonement
26:00 Redemption
26:57 Wheelbarrow
27:58 Hand Cart
30:18 Imperial Age
29:29 Hand Cart
29:16 Heavy Plow
29:54 Bloodlines
29:45 Husbandry
29:53 Stone Mining
30:29 Redemption
30:47 Sanctity
30:51 Scale Barding Armor
30:57 Forging
31:01 Cavalier
32:19 Chain Barding Armor
33:02 Two-Man Saw
32:34 Block Printing
32:50 Fervor
33:18 Theocracy
33:38 Plate Barding Armor
34:19 Iron Casting
35:05 Chemistry
35:04 Conscription
35:45 Blast Furnace
35:38 Inquisition
35:33 Paladin
36:52 Caravan
37:54 Bodkin Arrow
38:38 Bracer
CAXCAN
4:50 Loom
9:09 Feudal Age
11:34 Arson
23:48 Horse Collar
23:55 Double-Bit Axe
25:00 Fletching
26:21 Wheelbarrow
29:25 Castle Age
28:45 Scale Mail Armor
28:55 Forging
29:43 Pikeman
30:24 Squires
31:16 Chain Mail Armor
32:13 Gambesons
39:00 Imperial Age
40:24 Plate Mail Armor
40:30 Iron Casting
39:47 Capped Ram
40:47 Siege Ram
42:31 Blast Furnace
41:30 Onager
42:56 Hand Cart
nicetobeatyou
9:56 Feudal Age
11:39 Double-Bit Axe
13:57 Castle Age
12:25 Horse Collar
13:38 Scale Barding Armor
15:35 Bow Saw
19:35 Wheelbarrow
20:12 Forging
22:20 Chain Barding Armor
23:59 Heavy Plow
25:51 Gold Mining
30:42 Imperial Age
28:17 Husbandry
28:27 Bloodlines
29:17 Iron Casting
30:49 Caravan
30:18 Cavalier
31:33 Hand Cart
31:03 Loom
31:56 Plate Barding Armor
32:22 Blast Furnace
31:48 Town Watch
31:43 Savar
33:00 Conscription
33:37 Gold Shaft Mining
34:14 Stone Mining
34:25 Fletching
39:13 Coinage
40:30 Two-Man Saw
40:01 Crop Rotation
39:28 Bodkin Arrow
39:32 Elite War Elephant
39:38 Elite War Elephant
40:49 Town Patrol
Haider_435
4:44 Double-Bit Axe
8:39 Loom
10:48 Feudal Age
14:51 Castle Age
13:29 Bow Saw
13:08 Horse Collar
24:09 Wheelbarrow
25:21 Gold Mining
25:21 Stone Mining
25:38 Heavy Plow
30:03 Imperial Age
27:26 Cavalier
28:14 Scale Barding Armor
28:19 Forging
28:37 Husbandry
29:14 Hand Cart
30:01 Chain Barding Armor
30:41 Burgundian Vineyards
30:03 Paladin
31:24 Plate Barding Armor
31:29 Iron Casting
33:08 Chemistry
32:46 Conscription
35:47 Blast Furnace
36:26 Coinage
38:47 Banking
41:55 Light Cavalry
42:42 Hussar
43:02 Pikeman
43:42 Squires
Voxer El Brazilian
10:26 Feudal Age
14:28 Castle Age
12:24 Double-Bit Axe
12:38 Loom
13:52 Horse Collar
16:23 Fervor
16:03 Loom
20:42 Chemistry
23:51 Sanctity
26:13 Bow Saw
26:29 Heavy Plow
27:10 Wheelbarrow
30:37 Imperial Age
28:50 Hand Cart
30:55 Forging
30:46 Scale Mail Armor
30:52 Houfnice
32:54 Two-Man Saw
32:11 Pikeman
32:51 Squires
33:27 Iron Casting
33:32 Siege Engineers
33:27 Halberdier
34:23 Chain Mail Armor
35:55 Blast Furnace
36:04 Plate Mail Armor
36:38 Conscription
36:25 Wagenburg Tactics
37:00 Fortified Wall
37:42 Ballistics
37:51 Fletching
38:45 Bodkin Arrow
39:49 Bracer
41:11 Padded Archer Armor
40:55 Elite Hussite Wagon
43:47 Leather Archer Armor
45:39 Ring Archer Armor
Horizon
1:02 Loom
11:41 Feudal Age
12:47 Town Watch
16:26 Castle Age
33:34 Double-Bit Axe
Mr Diniz
0:49 Loom
11:23 Feudal Age
11:48 Double-Bit Axe
12:03 Town Watch
12:01 Horse Collar
17:24 Castle Age
18:49 Bow Saw
19:16 Wheelbarrow
19:48 Fortified Wall
19:51 Masonry
20:04 Fortified Wall
29:54 Wheelbarrow
29:45 Stone Mining
35:01 Imperial Age
33:08 Gold Mining
34:23 Ballistics
34:40 Fletching
34:47 Murder Holes
35:24 Heavy Plow
35:38 Bodkin Arrow
37:08 Chemistry
36:19 Bolt Magazine
36:47 Bracer
37:53 Siege Engineers
39:47 Architecture
40:42 Scale Mail Armor
40:52 Forging
40:43 Padded Archer Armor
43:30 Chain Mail Armor
43:16 Coiled Serpent Array
43:37 Conscription
43:19 Squires
42:39 Pikeman
44:46 Plate Mail Armor
Connection lost

Rejoining the realm…

Still unreachable

The connection could not be restored.

Session expired

The server has moved on; the page needs a fresh start.